 Dungeon Crawl Stone Soup version 0.30.1-3-gfc49f6343a (webtiles) character file.

Game seed: 11003066007930504046

9490 Gabide the Martial Artist (level 11, -3/84 HPs)
             Began as a Gnoll Transmuter on July 19, 2023.
             Slain by a lorocyproca (11 damage)
             ... on level 1 of the Abyss on July 20, 2023.
             The game lasted 00:33:59 (11742 turns).

Gabide the Martial Artist (Gnoll Transmuter)       Turns: 11742, Time: 00:34:00

Health: -3/84      AC: 11    Str: 13    XL:     11   Next: 47%
Magic:  2/23       EV: 15    Int: 12    God:
Gold:   434        SH:  0    Dex: 14    Spells: 19/26 levels left

rFire   + +          .
                       - Unarmed
rCold   . . .        (no shield)
rNeg    . . .        a - +0 robe
rPois   .            f - +1 hat
rElec   .            o - scarf {rC+ rF+}
rCorr   .            H - +3 Mad Mage's Maulers {Infuse+∞ VampMP -Cast}
SInv    +            (no boots)
Will    +....        (no amulet)
Stlth   +++          c - ring "Ononir" {Fire Will+ SInv}
HPRegen 0.00/turn    q - +4 ring of protection
MPRegen 0.18/turn

%: no spellcasting, infuse magic (2 MP)
@: sick
A: fangs 1, strong nose, distributed training
a: no special abilities


You were on level 1 of the Abyss.
You visited 1 branch of the dungeon, and saw 9 of its levels.
You visited the Abyss 1 time.
You also visited: Sewer.

You collected 644 gold pieces.
You spent 210 gold pieces at shops.

Inventory:

Hand Weapons
 b - a +3 sling
Missiles
 n - 6 boomerangs of dispersal
Armour
 a - a +0 robe (worn)
 f - a +1 hat (worn)
 o - a scarf of resistance (worn)
 u - a +2 pair of gloves
 E - a +2 cloak
 H - the +3 Mad Mage's Maulers (worn) {Infuse+∞ VampMP -Cast}
   (You found it on level 8 of the Dungeon)

   Infuse+∞: It empowers its wearer's blows with all of their magic.
   VampMP:    Blows struck in melee replenish the wearer's magic.
   -Cast:     It prevents spellcasting.
Jewellery
 c - the ring "Ononir" (left hand) {Fire Will+ SInv}
   (You found it on level 8 of the Dungeon)

   [ring of fire]

   It enhances your fire magic.
   rF:        It protects you from fire.
   rC:        It makes you vulnerable to cold.
   SInv:      It lets you see invisible.
   Will:      It increases your willpower.
 d - a ring of ice
 l - a ring of poison resistance
 q - a +4 ring of protection (right hand)
 r - a ring of fire
 s - a ring of see invisible
 x - a ring of positive energy
 D - a +6 ring of strength
 K - a ring of protection from cold
Wands
 A - a wand of flame (39) (quivered)
 I - a wand of iceblast (5)
 J - a wand of mindburst (1)
Scrolls
 y - 3 scrolls of magic mapping
 z - 2 scrolls of enchant armour
 B - 4 scrolls of fear
 C - 4 scrolls of teleportation
 F - 3 scrolls of identify
 G - a scroll of amnesia
Potions
 e - a potion of flight
 g - a potion of lignification
 h - 5 potions of might
 i - 2 potions of ambrosia
 j - 2 potions of invisibility
 k - 2 potions of brilliance
 m - 2 potions of curing
 p - 2 potions of mutation
 t - 2 potions of haste
 v - 3 potions of magic
 w - 3 potions of heal wounds


   Skills:
 + Level 7.1 Fighting
 + Level 6.5 Short Blades
 + Level 6.5 Long Blades
 + Level 6.5 Axes
 + Level 6.5 Maces & Flails
 + Level 6.5 Polearms
 + Level 6.5 Staves
 + Level 6.5 Ranged Weapons
 + Level 6.5 Throwing
 + Level 6.5 Armour
 + Level 8.1 Dodging
 + Level 6.5 Stealth
 + Level 6.5 Shields
 + Level 9.3 Unarmed Combat
 + Level 8.3 Spellcasting
 + Level 5.4 Conjurations
 + Level 5.4 Hexes
 + Level 5.4 Summonings
 + Level 5.4 Necromancy
 + Level 5.4 Translocations
 + Level 6.7 Transmutations
 + Level 5.4 Fire Magic
 + Level 5.4 Ice Magic
 + Level 5.4 Air Magic
 + Level 5.4 Earth Magic
 + Level 5.4 Poison Magic
 + Level 7.2 Invocations
 + Level 6.5 Evocations


You had 19 spell levels left.
You knew the following spells:

 Your Spells              Type           Power      Damage    Failure   Level
a - Beastly Appendage     Tmut           42%        N/A       1%          1
b - Wereblood             Tmut           21%        N/A       1%          2
c - Sting                 Tmut/Pois      76%        1d6       1%          1
d - Spider Form           Tmut/Pois      19%        N/A       3%          3

Your spell library contained the following spells:

 Spells                   Type           Power      Damage    Failure   Level
 Apportation              Tloc           36%        N/A       1%          1
 Necrotise                Necr           72%        1d7       1%          1
 Summon Small Mammal      Summ           72%        N/A       1%          1
 Ensorcelled Hibernation  Hex/Ice        36%        N/A       2%          2
 Lesser Beckoning         Tloc           36%        N/A       2%          2
 Poisonous Vapours        Pois/Air       36%        N/A       2%          2
 Frozen Ramparts          Ice            36%        1d6       4%          3
 Gell's Gravitas          Tloc           18%        N/A       4%          3
 Teleport Other           Tloc           18%        N/A       4%          3
 Vampiric Draining        Necr           18%        2d7       4%          3
 Ice Form                 Ice/Tmut       19%        N/A       12%         4
 Anguish                  Hex/Necr       9%         N/A       16%         4
 Cause Fear               Hex            9%         N/A       16%         4
 Olgreb's Toxic Radiance  Pois           18%        N/A       16%         4
 Summon Ice Beast         Ice/Summ       18%        N/A       16%         4
 Agony                    Necr           18%        N/A       38%         5
 Enfeeble                 Hex            9%         N/A       100%        7


Dungeon Overview and Level Annotations

Branches:
Dungeon (9/15)             Temple (0/1) D:6           Sewer (visited)
   Lair: D:8-11         Orc: D:9-12

Altars:
Kikubaaqudgha
Nemelex Xobeh
Okawaru
Qazlal
Trog
Vehumet
Xom

Shops:
D:1 (   D:6 !   D:7 (

Annotations:
D:6 3 runed translucent doors, archevel's ghost, novice HOMo; ymhsbmbesitwf's ghost, novice DgHu; ymhsbmbesitwf's ghost, novice TeAE
D:9 Erolcha


Innate Abilities, Weirdness & Mutations

You have very sharp teeth.
Your uncanny sense of smell can sniff out nearby items.
Your experience applies equally to all skills.


Message History

Press: ? - help, v - describe, . - travel
Here: a lorocyproca (slightly transparent)
The floor.
Unknown command.
You are too injured to fight recklessly!
You are too injured to fight recklessly!
You are too injured to fight recklessly!
You punch the lorocyproca!
The lorocyproca is lightly wounded.
You hit the lorocyproca but do no damage.
You bite the lorocyproca.
The lorocyproca is lightly wounded.
The lorocyproca hits you.
You hit the lorocyproca but do no damage.
The lorocyproca is lightly wounded.
The lorocyproca hits you but does no damage.
You hit the lorocyproca.
The lorocyproca is lightly wounded.
The lorocyproca closely misses you.
You hit the lorocyproca but do no damage.
Your bite misses the lorocyproca.
The lorocyproca is lightly wounded.
The lorocyproca barely misses you.
You closely miss the lorocyproca. Your bite misses the lorocyproca.
The lorocyproca is lightly wounded.
You hit the lorocyproca but do no damage.
You bite the lorocyproca, but do no damage.
The lorocyproca is lightly wounded.
The lorocyproca misses you.
You hit the lorocyproca but do no damage.
The lorocyproca is lightly wounded.
The lorocyproca barely misses you.
You closely miss the lorocyproca.
The lorocyproca is lightly wounded.
The lorocyproca hits you!!
* * * LOW HITPOINT WARNING * * *
You hit the lorocyproca.
The lorocyproca is lightly wounded.
The lorocyproca hits you!
You die...

######## .
...#...
#..#._..#
........# .
.#..2#####...
...
###@......#.
##. #.##....#
### .##. . #
. . ... ...


You could see a lorocyproca (invisible).

Vanquished Creatures
  2 two-headed ogres
  The ghost of Merkmiralles the Cleaver, a novice MiBe of Trog (D:8)
  Pikel (D:4)
  A cyclops (D:6)
  An ice statue (D:8)
  A troll (D:9)
  An ancient zyme (Abyss:1)
  Grinder (D:4)
  A hornet (D:9)
  Sigmund (D:5)
  2 wraiths (D:9)
  A basilisk (D:9)
  2 wyverns
  Eustachio (D:6)
  2 water moccasins (D:9)
  Duvessa (D:5)
  3 ice beasts (D:6)
  2 orc warriors
  3 sky beasts
  3 black bears
  4 ogres
  3 centaurs
  A lemure (D:4)
  4 phantoms
  6 bullfrogs
  A gnoll sergeant (D:8)
  4 scorpions
  8 wights
  Dowan (D:5)
  13 killer bees
  6 hounds
  3 jellies
  2 orc priests
  Crazy Yiuf (D:4)
  4 iguanas
  3 orc wizards
  20 adders
  8 gnolls
  3 river rats (Sewer)
  2 worms (D:2)
  2 dart slugs
  29 orcs
  8 ball pythons
  4 bats
  5 endoplasms
  10 giant cockroaches
  11 goblins
  5 hobgoblins
  5 jackals (D:2)
  9 kobolds
  2 quokkas
  4 frilled lizards
  9 rats
231 creatures vanquished.

Notes
Turn   | Place    | Note
-------+----------+-------------------------------------------
     0 | D:1      | Gabide the Gnoll Transmuter began the quest for the Orb.
     0 | D:1      | Reached XP level 1. HP: 17/17 MP: 6/6
   150 | D:1      | Reached XP level 2. HP: 23/23 MP: 5/7
   254 | D:1      | Learned a level 2 spell: Wereblood
   272 | D:1      | Found a sparkling altar of Nemelex Xobeh.
   352 | D:1      | Reached skill level 5 in Spellcasting
   352 | D:1      | Reached XP level 3. HP: 28/28 MP: 7/9
   488 | D:1      | Found Horof's Antique Weapon Emporium.
   907 | D:2      | Reached skill level 1 in Invocations
  1048 | D:2      | Reached skill level 1 in Short Blades
  1048 | D:2      | Reached skill level 1 in Long Blades
  1048 | D:2      | Reached skill level 1 in Axes
  1048 | D:2      | Reached skill level 1 in Maces & Flails
  1048 | D:2      | Reached skill level 1 in Polearms
  1048 | D:2      | Reached skill level 1 in Staves
  1048 | D:2      | Reached skill level 1 in Ranged Weapons
  1048 | D:2      | Reached skill level 1 in Throwing
  1048 | D:2      | Reached skill level 1 in Armour
  1048 | D:2      | Reached skill level 1 in Stealth
  1048 | D:2      | Reached skill level 1 in Shields
  1048 | D:2      | Reached skill level 1 in Evocations
  1190 | D:2      | Reached XP level 4. HP: 34/34 MP: 11/11
  1535 | D:2      | Reached skill level 1 in Conjurations
  1535 | D:2      | Reached skill level 1 in Hexes
  1535 | D:2      | Reached skill level 1 in Summonings
  1535 | D:2      | Reached skill level 1 in Necromancy
  1535 | D:2      | Reached skill level 1 in Translocations
  1535 | D:2      | Reached skill level 1 in Fire Magic
  1535 | D:2      | Reached skill level 1 in Ice Magic
  1535 | D:2      | Reached skill level 1 in Air Magic
  1535 | D:2      | Reached skill level 1 in Earth Magic
  1535 | D:2      | Reached skill level 1 in Poison Magic
  2204 | D:3      | Reached XP level 5. HP: 40/40 MP: 8/12
  2875 | D:3      | Learned a level 1 spell: Sting
  2876 | D:4      | Noticed an ogre
  3012 | D:4      | Reached XP level 6. HP: 46/47 MP: 5/13
  3224 | D:4      | Reached skill level 5 in Dodging
  3427 | D:4      | Reached skill level 7 in Unarmed Combat
  3427 | D:4      | Reached XP level 7. HP: 52/52 MP: 9/15
  3887 | D:5      | Entered Level 5 of the Dungeon
  3922 | D:5      | Noticed Sigmund
  3935 | D:5      | Killed Sigmund
  4022 | D:5      | Noticed Duvessa
  4027 | D:5      | Noticed Dowan
  4040 | D:5      | Killed Duvessa
  4041 | D:5      | Reached XP level 8. HP: 33/60 MP: 9/16
  4234 | D:5      | Found a glowing drain.
  4256 | Sewer    | Entered a sewer
  4702 | Sewer    | Learned a level 3 spell: Spider Form
  4738 | D:5      | Found a bloodstained altar of Trog.
  4816 | D:5      | Found a radiant altar of Vehumet.
  5047 | D:5      | Killed Dowan
  5324 | D:5      | Noticed Grinder
  5329 | D:5      | Paralysed by Grinder for 3 turns
  5349 | D:4      | Killed Grinder
  5485 | D:5      | Noticed Pikel
  5524 | D:4      | Killed Pikel
  5525 | D:4      | Reached skill level 5 in Fighting
  5525 | D:4      | Reached skill level 5 in Transmutations
  5525 | D:4      | Reached XP level 9. HP: 19/68 MP: 15/18
  5710 | D:4      | Found a runed translucent door.
  5748 | D:4      | Noticed Crazy Yiuf
  5756 | D:4      | Killed Crazy Yiuf
  6273 | D:6      | Noticed a cyclops
  6337 | D:6      | Reached skill level 8 in Unarmed Combat
  6354 | D:6      | Killed a cyclops
  6355 | D:6      | Reached skill level 5 in Invocations
  6450 | D:6      | Identified the +1 spear of Autumn {elec, rPois rF- Int+5
                  | Stlth+}
  6608 | D:6      | Found a runed translucent gate.
  6608 | D:6      | Found a runed translucent gate.
  6608 | D:6      | Found a runed translucent gate.
  6613 | D:6      | Noticed ymhsbmbesitwf's ghost (novice TeAE)
  6613 | D:6      | Noticed ymhsbmbesitwf's ghost (novice DgHu)
  6614 | D:6      | Noticed archevel's ghost (novice HOMo)
  6721 | D:6      | Found Xiywuduy's Distillery.
  6729 | D:6      | Bought a potion of heal wounds for 50 gold pieces
  6729 | D:6      | Bought a potion of mutation for 80 gold pieces
  6729 | D:6      | Bought a potion of magic for 80 gold pieces
  6892 | D:6      | Noticed Eustachio
  6900 | D:6      | Reached skill level 5 in Short Blades
  6900 | D:6      | Reached skill level 5 in Long Blades
  6900 | D:6      | Reached skill level 5 in Axes
  6900 | D:6      | Reached skill level 5 in Maces & Flails
  6900 | D:6      | Reached skill level 5 in Polearms
  6900 | D:6      | Reached skill level 5 in Staves
  6900 | D:6      | Reached skill level 5 in Ranged Weapons
  6900 | D:6      | Reached skill level 5 in Throwing
  6900 | D:6      | Reached skill level 5 in Armour
  6900 | D:6      | Reached skill level 5 in Stealth
  6900 | D:6      | Reached skill level 5 in Shields
  6900 | D:6      | Reached skill level 5 in Evocations
  6900 | D:6      | Reached XP level 10. HP: 76/76 MP: 15/20
  6967 | D:6      | Killed Eustachio
  7111 | D:6      | Found a staircase to the Ecumenical Temple.
  7697 | D:7      | Found Asoo's Antique Weapon Shop.
  8848 | D:8      | Noticed a two-headed ogre
  8860 | D:8      | Killed a two-headed ogre
  8991 | D:8      | Found an iron altar of Okawaru.
  9049 | D:8      | Found a sparkling altar of Nemelex Xobeh.
  9049 | D:8      | Found a stormy altar of Qazlal.
  9212 | D:8      | Found a shimmering altar of Xom.
  9349 | D:8      | Identified the +0 robe "Ijuvuri" {Contam *Slow rElec Int+5}
  9444 | D:8      | Found the +3 Mad Mage's Maulers {Infuse+∞ VampMP -Cast}
  9982 | D:8      | Found a runed translucent gate.
  9982 | D:8      | Found a runed translucent gate.
  9982 | D:8      | Found a runed translucent gate.
  9986 | D:8      | Noticed Merkmiralles's ghost (novice MiBe)
 10013 | D:8      | Killed Merkmiralles's ghost
 10014 | D:8      | Reached skill level 9 in Unarmed Combat
 10014 | D:8      | Reached skill level 5 in Conjurations
 10014 | D:8      | Reached skill level 5 in Hexes
 10014 | D:8      | Reached skill level 5 in Summonings
 10014 | D:8      | Reached skill level 5 in Necromancy
 10014 | D:8      | Reached skill level 5 in Translocations
 10014 | D:8      | Reached skill level 5 in Fire Magic
 10014 | D:8      | Reached skill level 5 in Ice Magic
 10014 | D:8      | Reached skill level 5 in Air Magic
 10014 | D:8      | Reached skill level 5 in Earth Magic
 10014 | D:8      | Reached skill level 5 in Poison Magic
 10014 | D:8      | Reached XP level 11. HP: 62/83 MP: 2/23
 10477 | D:8      | Identified the ring "Ononir" {Fire Will+ SInv}
 10731 | D:9      | Found an ancient bone altar of Kikubaaqudgha.
 10870 | D:9      | Noticed a two-headed ogre
 10907 | D:9      | Killed a two-headed ogre
 11610 | D:9      | Noticed Erolcha
 11623 | Abyss:1  | Found a corrupted altar of Lugonu.
 11623 | Abyss:1  | Cast into level 1 of the Abyss (Erolcha)
 11725 | Abyss:1  | Noticed a lorocyproca
 11742 | Abyss:1  | Slain by a lorocyproca

Illustrated notes

Levels and vault maps discovered:
D:1:      dpeg_arrival_refuge, layout_loops_ring, serial_shops,
          nicolae_shop_real_fake_doors, chequers_serial_rivers_small_3,
          minmay_hexomino_r4
D:2:      layout_basic
D:3:      layout_basic, corexii_leaking_fountain
D:4:      layout_rooms, kennysheep_orc_chapel, uniq_crazy_yiuf_cottage
D:5:      layout_layer_cave, amcnicky_altar_gilded, overflow_temple_1_default,
          gup_sewer_entry_glass, guppyfry_early_lair_pool, uniq_duvessa,
          uniq_pikel, uniq_sigmund, uniq_grinder
D:6:      minmay_clustersquares, layout_basic, minmay_temple_entry_water_ring,
          serial_shops, shop_fountains, gammafunk_ghost_cemetery, uniq_eustachio
D:7:      layout_loops_ring, serial_shops, shop
D:8:      lemuel_ice_statue, layout_loops_corners, general_overflow_altar,
          grunt_temple_overflow_open, ebering_ghost_rock_garden,
          grunt_ministairs_7
D:9:      layout_basic, amethyst_overflow_temple_binary,
          nicolae_kikubaaqudgha_miasma_corner, minmay_lair_entry_grove,
          kennysheep_diamond, uniq_erica, uniq_erolcha
Abyss:1:  base:
D:3

Skill      XL: |  1  2  3  4  5  6  7  8  9 10 11 |
---------------+----------------------------------+-----
Spellcasting   | 5 6 7 8 |  8.3
Invocations    | 1 2 3 4 5 6 7 |  7.2
Short Blades   | 1 2 3 4 5 6 |  6.5
Long Blades    | 1 2 3 4 5 6 |  6.5
Axes           | 1 2 3 4 5 6 |  6.5
Maces & Flails | 1 2 3 4 5 6 |  6.5
Polearms       | 1 2 3 4 5 6 |  6.5
Staves         | 1 2 3 4 5 6 |  6.5
Ranged Weapons | 1 2 3 4 5 6 |  6.5
Throwing       | 1 2 3 4 5 6 |  6.5
Armour         | 1 2 3 4 5 6 |  6.5
Stealth        | 1 2 3 4 5 6 |  6.5
Shields        | 1 2 3 4 5 6 |  6.5
Evocations     | 1 2 3 4 5 6 |  6.5
Conjurations   | 1 2 3 4 5 |  5.4
Hexes          | 1 2 3 4 5 |  5.4
Summonings     | 1 2 3 4 5 |  5.4
Necromancy     | 1 2 3 4 5 |  5.4
Translocations | 1 2 3 4 5 |  5.4
Fire Magic     | 1 2 3 4 5 |  5.4
Ice Magic      | 1 2 3 4 5 |  5.4
Air Magic      | 1 2 3 4 5 |  5.4
Earth Magic    | 1 2 3 4 5 |  5.4
Poison Magic   | 1 2 3 4 5 |  5.4
Fighting       | 3 4 5 6 7 |  7.1
Transmutations | 4 5 6 |  6.7
Dodging        | 5 6 7 8 |  8.1
Unarmed Combat | 7 8 9 |  9.3

Action                     |  1- 3 |  4- 6 |  7- 9 | 10-12 || total
---------------------------+-------+-------+-------+-------++-------
  Melee: Unarmed           |    70 |    77 |   229 |   348 ||   724
         Kick              |    14 |     1 |    12 |       ||    27
         Headbutt          |     4 |     3 |    10 |       ||    17
         Bite              |     4 |     6 |     7 |    25 ||    42
         Punch             |     1 |     1 |     6 |    12 ||    20
   Fire: Sling             |    30 |    68 |       |       ||    98
   Cast: Beastly Appendage |    10 |     2 |     5 |     1 ||    18
         Wereblood         |     1 |     2 |     9 |     7 ||    19
         Sting             |       |    42 |    55 |       ||    97
         Spider Form       |       |       |    18 |    23 ||    41
  Evoke: Wand              |       |       |       |    12 ||    12
    Use: Scroll            |     3 |     5 |     6 |     2 ||    16
         Potion            |       |     1 |     1 |     3 ||     5
   Stab: Sleeping          |       |       |     2 |     5 ||     7
 Armour: Robe              |    14 |    24 |    38 |    54 ||   130
         Skin              |       |       |    19 |     9 ||    28
  Dodge: Dodged            |    38 |    64 |   167 |   289 ||   558
